[Event "*** SCC Grand Prix: Titled Tuesday Blitz"]
[Site "Chess.com"]
[Date "2020.07.21"]
[Round "1"]
[White "Bayernbk"]
[Black "GustavoJuarezF"]
[Result "1-0"]
[WhiteElo "2487"]
[BlackElo "2012"]
[TimeControl "180+1"]
[EndTime "10:01:45 PDT"]
[Termination "Bayernbk won by resignation"]

1. e4 c5 2. c3 g6 3. d4 cxd4 4. cxd4 Bg7 5. Nc3 d6 6. Nf3 Nf6 7. Be2 O-O 8. O-O Nbd7 9. Be3 e5 10. dxe5 dxe5 11. Qd6 Qb6 12. Bxb6 1-0

[Event "*** SCC Grand Prix: Titled Tuesday Blitz"]
[Site "Chess.com"]
[Date "2020.07.21"]
[Round "1"]
[White "markberk"]
[Black "Shubinkirill2003"]
[Result "1/2-1/2"]
[WhiteElo "2335"]
[BlackElo "2655"]
[TimeControl "180+1"]
[EndTime "10:01:53 PDT"]
[Termination "Game drawn by agreement"]

1. Nf3 Nf6 2. g3 b5 3. Bg2 Bb7 4. d4 e6 5. O-O c5 6. c3 Be7 7. dxc5 Bxc5 8. b4 Bb6 9. a4 a6 10. axb5 axb5 11. Rxa8 Bxa8 12. Qd3 Bc6 13. Na3 O-O 14.
Nxb5 d5 15. Nbd4 Bb7 16. Bf4 1/2-1/2

[Event "*** SCC Grand Prix: Titled Tuesday Blitz"]
[Site "Chess.com"]
[Date "2020.07.21"]
[Round "1"]
[White "MagnusSeinFanboy"]
[Black "pirulillo"]
[Result "1-0"]
[WhiteElo "2543"]
[BlackElo "2148"]
[TimeControl "180+1"]
[EndTime "10:01:57 PDT"]
[Termination "MagnusSeinFanboy won by resignation"]

1. d4 Nf6 2. c4 g6 3. Nc3 Bg7 4. e4 d6 5. Nf3 O-O 6. Be2 e5 7. O-O Nc6 8. d5 Ne7 9. b4 a5 10. bxa5 Rxa5 11. a4 b6 12. Nd2 c5 13. Ra3 Nd7 14. Nb5 Nb8 15. Nb3 Ra8 16. a5 bxa5 17.
Bd2 a4 18. Qa1 Ba6 19. Rxa4 Bxb5 20. Rxa8 Bd7 21. Qa7 1-0

[Event "*** SCC Grand Prix: Titled Tuesday Blitz"]
[Site "Chess.com"]
[Date "2020.07.21"]
[Round "1"]
[White "northridgehawk"]
[Black "vinniethepooh"]
[Result "0-1"]
[WhiteElo "2346"]
[BlackElo "2702"]
[TimeControl "180+1"]
[EndTime "10:02:02 PDT"]
[Termination "vinniethepooh won by resignation"]

1. e4 c5 2. Nf3 d6 3. d4 cxd4 4. Nxd4 Nf6 5. Nc3 a6 6. h3 e6 7. g4 d5 8. exd5 Nxd5 9. Nde2 Nc6 10. Bg2 Nxc3 11. Qxd8+ Nxd8 12. Nxc3 Bd7 13. O-O Bc6 14. Ne4 Be7 15. Be3 O-O 16. c4 f5 17. Ng3 f4 0-1

[Event "*** SCC Grand Prix: Titled Tuesday Blitz"]
[Site "Chess.com"]
[Date "2020.07.21"]
[Round "1"]
[White "chessdjw"]
[Black "Khazieva_Elza"]
[Result "1/2-1/2"]
[WhiteElo "2695"]
[BlackElo "2355"]
[TimeControl "180+1"]
[EndTime "10:02:13 PDT"]
[Termination "Game drawn by repetition"]

1. c4 Nf6 2. Nc3 d6 3. d4 Bf5 4. f3 e5 5. d5 e4 6. g4 Nxg4 7.
fxg4 Qh4+ 8. Kd2 e3+ 9. Kxe3 Qg5+ 10. Kf2 Qh4+ 11. Ke3 Qg5+ 12. Kf2 Qh4+ 13. Ke3 1/2-1/2

[Event "*** SCC Grand Prix: Titled Tuesday Blitz"]
[Site "Chess.com"]
[Date "2020.07.21"]
[Round "1"]
[White "Brave_spirit12"]
[Black "AJSC02"]
[Result "1-0"]
[WhiteElo "2515"]
[BlackElo "2089"]
[TimeControl "180+1"]
[EndTime "10:02:18 PDT"]
[Termination "Brave_spirit12 won by resignation"]

1. e4 c5 2. c3 d5 3. exd5 Qxd5 4. Nf3 Bg4 5. Be2 Nf6 6. d4 e6 7. O-O Be7 8. Be3 cxd4 9. Nxd4 Bxe2 10. Qxe2 Nc6 11. Rd1 Nxd4 12. Bxd4 Qc6 13. Nd2 O-O 14. Nf3 Nd5 15. c4 Nf4 16. Qe5 f6 17. Qxf4 e5 18. Qe3 exd4 19. Qxe7 1-0

[Event "*** SCC Grand Prix: Titled Tuesday Blitz"]
[Site "Chess.com"]
[Date "2020.07.21"]
[Round "1"]
[White "zaur-mammadov"]
[Black "Quattroporte300"]
[Result "1-0"]
[WhiteElo "2650"]
[BlackElo "2319"]
[TimeControl "180+1"]
[EndTime "10:02:26 PDT"]
[Termination "zaur-mammadov won by resignation"]

1. e4 e5 2. Nf3 Nc6 3. Nc3 Nf6 4.
Be2 d5 5. exd5 Nxd5 6. O-O Nxc3 7. bxc3 Bc5 8. Bb5 Qf6 9. d4 exd4 10. cxd4 O-O 11.
Bg5 Qg6 12. dxc5 Bg4 13. Bxc6 bxc6 14. Ne5 1-0

[Event "*** SCC Grand Prix: Titled Tuesday Blitz"]
[Site "Chess.com"]
[Date "2020.07.21"]
[Round "1"]
[White "Roman_Ovetchkin"]
[Black "Chessbard1972"]
[Result "1-0"]
[WhiteElo "2600"]
[BlackElo "2251"]
[TimeControl "180+1"]
[EndTime "10:02:32 PDT"]
[Termination "Roman_Ovetchkin won by resignation"]

1. d4 d5 2. c4 e6 3. Nf3 c5 4. cxd5 exd5 5. g3 Nc6 6. Bg2 Nf6 7. O-O Be7 8. dxc5 Bxc5 9. a3 a5 10. Qc2 Ba7 11. Nc3 O-O 12. Bg5 Be6 13. Rad1 Rc8 14. e4 d4 15. e5 h6 16. exf6 hxg5 17. Nxg5 g6 18. Nxe6 1-0

[Event "*** SCC Grand Prix: Titled Tuesday Blitz"]
[Site "Chess.com"]
[Date "2020.07.21"]
[Round "1"]
[White "kleopl"]
[Black "ChessWarrior7197"]
[Result "0-1"]
[WhiteElo "2428"]
[BlackElo "2867"]
[TimeControl "180+1"]
[EndTime "10:02:35 PDT"]
[Termination "ChessWarrior7197 won by resignation"]

1. c4 e6 2. Nc3 d5 3. cxd5 exd5 4. d4 c5 5. Nf3 Nc6 6. g3 Nf6 7. Bg2 cxd4 8. Nxd4 Bc5 9. Nxc6 bxc6 10. O-O O-O 11. a3 Ba6 12. b4 Bb6 13. Bb2 Re8 14. Re1 Bxf2+ 15. Kxf2 Ng4+ 16. Kg1 Qb6+ 17. e3 Rxe3 0-1

[Event "*** SCC Grand Prix: Titled Tuesday Blitz"]
[Site "Chess.com"]
[Date "2020.07.21"]
[Round "1"]
[White "WIDBIFS"]
[Black "MarceloPlaya"]
[Result "1-0"]
[WhiteElo "2663"]
[BlackElo "2325"]
[TimeControl "180+1"]
[EndTime "10:02:38 PDT"]
[Termination "WIDBIFS won by resignation"]

1. d4 e6 2. Nf3 Nf6 3. Bf4 d5 4.
e3 c5 5. Nbd2 Nc6 6. c3 Bd6 7.
Bg3 O-O 8. Bd3 b6 9. Qe2 a5 10. Rd1 Qe7 11. e4 Bxg3 12. hxg3 cxd4 13. e5 dxc3 14.
exf6 cxd2+ 15. Nxd2 Qxf6 16. Bxh7+ Kh8 17. Bg6+ Kg8 18. Rh8+ 1-0

[Event "*** SCC Grand Prix: Titled Tuesday Blitz"]
[Site "Chess.com"]
[Date "2020.07.21"]
[Round "1"]
[White "Virgo15"]
[Black "Danfii"]
[Result "1-0"]
[WhiteElo "2697"]
[BlackElo "2343"]
[TimeControl "180+1"]
[EndTime "10:02:40 PDT"]
[Termination "Virgo15 won by resignation"]

1. d4 Nf6 2. Nf3 e6 3. Bf4 d5 4.
e3 Bd6 5. Bg3 O-O 6. Nbd2 c5 7.
c3 b6 8. Bd3 Qc7 9. e4 dxe4 10.
Nxe4 Bf4 11. Nxf6+ gxf6 12. Be4 1-0

[Event "*** SCC Grand Prix: Titled Tuesday Blitz"]
[Site "Chess.com"]
[Date "2020.07.21"]
[Round "1"]
[White "Bigfish1995"]
[Black "NormWeinstein"]
[Result "1-0"]
[WhiteElo "3020"]
[BlackElo "2456"]
[TimeControl "180+1"]
[EndTime "10:03:10 PDT"]
[Termination "Bigfish1995 won by resignation"]

1. d4 Nf6 2. c4 g6 3. Nc3 Bg7 4. e4 O-O 5. Be2 c5 6. Nf3 d6 7.
O-O Bg4 8. d5 e6 9. Be3 exd5 10.
cxd5 Re8 11. Nd2 Bxe2 12. Qxe2 Nbd7 13. a4 a6 14. a5 Rb8 15. Rfb1 b5 16. axb6 Rxb6 17.
Nc4 Nxe4 18. Nxe4 Rxe4 19. Nxb6 Nxb6 20. Qxa6 Nxd5 21. Qc6 1-0

[Event "*** SCC Grand Prix: Titled Tuesday Blitz"]
[Site "Chess.com"]
[Date "2020.07.21"]
[Round "1"]
[White "RestartingChess"]
[Black "LimaRR"]
[Result "1-0"]
[WhiteElo "2517"]
[BlackElo "2100"]
[TimeControl "180+1"]
[EndTime "10:03:10 PDT"]
[Termination "RestartingChess won by resignation"]

1. e4 c5 2. Nf3 d6 3. Bb5+ Nd7 4. c4 g6 5. Nc3 Bg7 6. O-O Nf6 7. d3 O-O 8. h3 a6 9. Ba4 Rb8 10. Bc2 b5 11. a3 b4 12. axb4 cxb4 13. Nd5 e6 14.
Nxf6+ Nxf6 15. d4 Qc7 16. b3 e5 17. Bb2 Re8 18. Re1 Bb7 19. Ra2 exd4 20. Bxd4 Nxe4 21.
Bxg7 Kxg7 22. Bxe4 Bxe4 23. Qd4+ 1-0

[Event "*** SCC Grand Prix: Titled Tuesday Blitz"]
[Site "Chess.com"]
[Date "2020.07.21"]
[Round "1"]
[White "canary2016"]
[Black "Noam_Vitenberg"]
[Result "0-1"]
[WhiteElo "1904"]
[BlackElo "2476"]
[TimeControl "180+1"]
[EndTime "10:03:14 PDT"]
[Termination "Noam_Vitenberg won by checkmate"]

1. d4 d5 2. c4 e6 3. Nc3 a6 4.
cxd5 exd5 5. Bf4 Nf6 6. e3 Bd6 7. Bxd6 Qxd6 8. Nf3 O-O 9. Bd3 Bg4 10. O-O Nbd7 11. h3 Bh5 12. Be2 Rfe8 13. Rc1 c6 14. Na4 Ne4 15. Nc3 Ndf6 16. Nxe4 Nxe4 17. Ne5 Bg6 18. Bd3 Qb4 19. Qc2 Rad8 20. Nxg6 hxg6 21. Bxe4 Rxe4 22. Qc3 Qe7 23. Qb3 g5 24. Rc3 g4 25.
hxg4 Rxg4 26. Qd1 Qh4 27. Qf3 Rd6 28. Rfc1 Rf6 29. Qe2 Rh6 30. f3 Qh1+ 31. Kf2 Rxg2# 0-1

[Event "*** SCC Grand Prix: Titled Tuesday Blitz"]
[Site "Chess.com"]
[Date "2020.07.21"]
[Round "1"]
[White "dpopadic"]
[Black "Volodar_Murzin"]
[Result "0-1"]
[WhiteElo "2367"]
[BlackElo "2722"]
[TimeControl "180+1"]
[EndTime "10:03:26 PDT"]
[Termination "Volodar_Murzin won by resignation"]

1. e4 c6 2. d4 d5 3. Nd2 dxe4 4.
Nxe4 Bf5 5. Ng3 Bg6 6. h4 h6 7. Nf3 Nd7 8. h5 Bh7 9. Bd3 Bxd3 10. Qxd3 e6 11. Bd2 Ngf6 12. O-O-O Be7 13. Ne4 Nxe4 14. Qxe4 Nf6 15. Qe2 Qd5 16. Kb1 a5 17. Ne5 a4 18.
a3 Qe4 19. Be3 Nd5 20. Ka1 b5 21. Nxc6 Nxe3 22. Nxe7 Nxc2+ 23. Kb1 Qxe2 24. Nc6 b4 25. d5 bxa3 26. dxe6 fxe6 27. Rc1 Qc4 0-1

[Event "*** SCC Grand Prix: Titled Tuesday Blitz"]
[Site "Chess.com"]
[Date "2020.07.21"]
[Round "1"]
[White "Dr-Bassem"]
[Black "Smile2005"]
[Result "1-0"]
[WhiteElo "2830"]
[BlackElo "2415"]
[TimeControl "180+1"]
[EndTime "10:03:34 PDT"]
[Termination "Dr-Bassem won by resignation"]

1. e4 d5 2. exd5 Nf6 3. c4 e6 4.
dxe6 Bxe6 5. Nf3 Qe7 6. Qe2 Nc6 7. d4 Bg4 8. Qxe7+ Bxe7 9. Be3 O-O-O 10. d5 Bxf3 11.
gxf3 Ne5 12. Be2 Bb4+ 13. Nc3 Rhe8 14. O-O-O Bxc3 15. bxc3 b6 16. Rhg1 g6 17. Kc2 Nfd7 18. f4 1-0

[Event "*** SCC Grand Prix: Titled Tuesday Blitz"]
[Site "Chess.com"]
[Date "2020.07.21"]
[Round "1"]
[White "AsaHoffmann"]
[Black "LPSupi"]
[Result "0-1"]
[WhiteElo "2428"]
[BlackElo "2870"]
[TimeControl "180+1"]
[EndTime "10:03:39 PDT"]
[Termination "LPSupi won by resignation"]

1. d4 Nf6 2. Bg5 g6 3. Nc3 c5 4.
dxc5 Bg7 5. e4 Qa5 6. Qd2 Qxc5 7.
f3 O-O 8. Be3 Qa5 9. Bc4 d6 10. Nge2 Nc6 11. a3 Bd7 12. Bh6 Bxh6 13. Qxh6 Rac8 14. Bb3 Ne5 15. h4 Kh8 16. h5 g5 17.
Qxg5 Nxf3+ 18. gxf3 Qxg5 0-1

[Event "*** SCC Grand Prix: Titled Tuesday Blitz"]
[Site "Chess.com"]
[Date "2020.07.21"]
[Round "1"]
[White "djano"]
[Black "estherzillli"]
[Result "1-0"]
[WhiteElo "2465"]
[BlackElo "1654"]
[TimeControl "180+1"]
[EndTime "10:03:46 PDT"]
[Termination "djano won by resignation"]

1. d4 d5 2. Nf3 Nf6 3. Bf4 e6 4. e3 Bd6 5. Ne5 Nbd7 6. Nd2 Bxe5 7. dxe5 Ne4 8. Nxe4 dxe4 9. Qg4 O-O 10. Bh6 g6 11.
Bxf8 Qxf8 12. Qxe4 Nc5 13. Qd4 b6 14. O-O-O Bb7 15. f3 Bd5 16. Kb1 Rd8 17. Ka1 Rd7 18.
Bc4 Bc6 19. Qh4 Rxd1+ 20. Rxd1 Qc8 21. Rd8+ 1-0

[Event "*** SCC Grand Prix: Titled Tuesday Blitz"]
[Site "Chess.com"]
[Date "2020.07.21"]
[Round "1"]
[White "romulocardoso"]
[Black "ThePatrick27"]
[Result "0-1"]
[WhiteElo "2141"]
[BlackElo "2538"]
[TimeControl "180+1"]
[EndTime "10:03:47 PDT"]
[Termination "ThePatrick27 won by resignation"]

1. e4 e5 2. Nf3 Nc6 3. d4 exd4 4.
Bc4 Nf6 5. Ng5 d5 6. exd5 Na5 7.
Bb5+ c6 8. dxc6 bxc6 9. Bd3 Be7 10. O-O O-O 11. Re1 c5 12. Bd2 Nc6 13. Qf3 Bd7 14. Bb5 Ne5 15. Rxe5 Bxb5 16. Na3 Bd7 17. Rae1 Bd6 18.
R5e2 Bg4 19. Qd3 Bxe2 20. Rxe2 Re8 21. Nc4 Rxe2 22. Qxe2 Bf8 23. h4 h6 24. Nh3 Qd7 25.
Qf3 Re8 26. Bxh6 Re1+ 27. Kh2 Ng4+ 28. Kg3 Nxh6 29. Ne5 Rxe5 0-1

[Event "*** SCC Grand Prix: Titled Tuesday Blitz"]
[Site "Chess.com"]
[Date "2020.07.21"]
[Round "1"]
[White "Savva09022009"]
[Black "OparinGrigoriy"]
[Result "0-1"]
[WhiteElo "2445"]
[BlackElo "2932"]
[TimeControl "180+1"]
[EndTime "10:03:48 PDT"]
[Termination "OparinGrigoriy won by resignation"]

1. d4 Nf6 2. Nc3 e6 3. e4 d5 4. e5 Nfd7 5. f4 c5 6. Nf3 Nc6 7. Be3 a6 8. Qd2 b5 9. dxc5 Bxc5 10. Bxc5 Nxc5 11. Nd4 Qb6 12. O-O-O Bd7 13. f5 b4 14. fxe6 fxe6 15. Nce2 Nxe5 16. Nf4 O-O 17. Re1 Ne4 18. Qe3 Ng4 19. Qg3 Qxd4 20. Bd3 Nxg3 21. hxg3 Rxf4 0-1

[Event "*** SCC Grand Prix: Titled Tuesday Blitz"]
[Site "Chess.com"]
[Date "2020.07.21"]
[Round "1"]
[White "Beca95"]
[Black "Siemba"]
[Result "1-0"]
[WhiteElo "2824"]
[BlackElo "2409"]
[TimeControl "180+1"]
[EndTime "10:03:57 PDT"]
[Termination "Beca95 won by resignation"]

1. d4 d5 2. c4 c5 3. cxd5 Nf6 4. Nf3 e6 5. dxe6 Bxe6 6. e3 Nc6 7. Bb5 Qb6 8. Nc3 O-O-O 9. Bxc6 Qxc6 10. Qa4 Qxa4 11. Nxa4 cxd4 12. Nxd4 Bd5 13. f3 b6 14. Kf2 Bd6 15.
b3 Kd7 16. Bb2 Bb7 17. Rhd1 1-0

[Event "*** SCC Grand Prix: Titled Tuesday Blitz"]
[Site "Chess.com"]
[Date "2020.07.21"]
[Round "1"]
[White "CarlosAlbornoz"]
[Black "51616516516"]
[Result "1-0"]
[WhiteElo "2804"]
[BlackElo "2403"]
[TimeControl "180+1"]
[EndTime "10:04:07 PDT"]
[Termination "CarlosAlbornoz won by resignation"]

1. e4 c5 2. Nf3 g6 3. c4 Nc6 4. d4 cxd4 5. Nxd4 Nf6 6. Nc3 d6 7.
Be2 Bg7 8. Be3 O-O 9. O-O Bd7 10. Qd2 Nxd4 11. Bxd4 Bc6 12. f3 a5 13. b3 Nd7 14.
Be3 Nc5 15. Rab1 Qb6 16. Rfc1 Rfc8 17. Rc2 Qb4 18. Qc1 f5 19. exf5 gxf5 20. a3 Nxb3 21.
Qb2 Bxc3 22. Rxc3 1-0

[Event "*** SCC Grand Prix: Titled Tuesday Blitz"]
[Site "Chess.com"]
[Date "2020.07.21"]
[Round "1"]
[White "if_name_main_a"]
[Black "OK97"]
[Result "0-1"]
[WhiteElo "2404"]
[BlackElo "2806"]
[TimeControl "180+1"]
[EndTime "10:04:09 PDT"]
[Termination "OK97 won by resignation"]

1. c4 g6 2. d4 Bg7 3. e4 e6 4. Nc3 Ne7 5. f4 d5 6. e5 c5 7. cxd5 exd5 8. dxc5 O-O 9. Be3 Nbc6 10. Nf3 Bg4 11. Bf2 d4 12. Ne4 Nd5 13. g3 Qa5+ 14. Ned2 Ne3 15. Qb3 Bxf3 16. Rg1 Bd5 17. Qd3 Nb4 0-1

[Event "*** SCC Grand Prix: Titled Tuesday Blitz"]
[Site "Chess.com"]
[Date "2020.07.21"]
[Round "1"]
[White "1977Ivan"]
[Black "SHIVACalypso"]
[Result "1-0"]
[WhiteElo "2682"]
[BlackElo "2342"]
[TimeControl "180+1"]
[EndTime "10:04:12 PDT"]
[Termination "1977Ivan won by resignation"]

1. c4 Nf6 2. Nc3 e6 3. Nf3 d5 4. d4 Bb4 5. Qa4+ Nc6 6. e3 O-O 7. a3 Bxc3+ 8. bxc3 Re8 9. Qc2 h6 10. a4 dxc4 11. Bxc4 e5 12. O-O Bg4 13. Nxe5 Nxe5 14.
dxe5 Rxe5 15. f3 Be6 16. Be2 Rc5 17. Rd1 Qe8 18. Ba3 Rd5 19. e4 Rxd1+ 20. Rxd1 Rd8 21.
Rd4 b6 22. Bb5 c6 23. Bxc6 1-0

[Event "*** SCC Grand Prix: Titled Tuesday Blitz"]
[Site "Chess.com"]
[Date "2020.07.21"]
[Round "1"]
[White "AlphaHero0"]
[Black "2nd_life"]
[Result "0-1"]
[WhiteElo "1956"]
[BlackElo "2481"]
[TimeControl "180+1"]
[EndTime "10:04:15 PDT"]
[Termination "2nd_life won by resignation"]

1. e4 e5 2. Nf3 Nc6 3. Bb5 a6 4. Ba4 Nf6 5. O-O Be7 6. Re1 b5 7.
Bb3 d6 8. c3 O-O 9. d4 Bg4 10. dxe5 Nxe5 11. Nbd2 Nd3 12. Re3 Nxc1 13. Rxc1 c5 14. h3 Bh5 15. Nf1 c4 16. Bc2 Nd7 17. Ng3 Bxf3 18. Rxf3 Ne5 19. Rf5 g6 20. Rxe5 dxe5 21.
Qe2 Bc5 22. Kh2 Qf6 23. f3 Rad8 24. b4 Bb6 25. Nf1 Qf4+ 26. g3 Qxc1 0-1

[Event "*** SCC Grand Prix: Titled Tuesday Blitz"]
[Site "Chess.com"]
[Date "2020.07.21"]
[Round "1"]
[White "Evachess2006"]
[Black "Karacsonyi_Gellert"]
[Result "0-1"]
[WhiteElo "1607"]
[BlackElo "2464"]
[TimeControl "180+1"]
[EndTime "10:04:15 PDT"]
[Termination "Karacsonyi_Gellert won by checkmate"]

1. e4 c5 2. Nf3 Nc6 3. d4 cxd4 4. Nxd4 g6 5. Nxc6 bxc6 6. Nc3 Bg7 7. Bc4 d6 8. O-O Nf6 9. Be3 O-O 10. Bd4 e5 11.
Be3 Bb7 12. Bb3 d5 13. exd5 cxd5 14. Bg5 d4 15. Ne2 a5 16. Bxf6 Qxf6 17. Ng3 Qc6 18. c4 Qxg2# 0-1

[Event "*** SCC Grand Prix: Titled Tuesday Blitz"]
[Site "Chess.com"]
[Date "2020.07.21"]
[Round "1"]
[White "LaPorfia"]
[Black "Jungle_Jaguar"]
[Result "0-1"]
[WhiteElo "2240"]
[BlackElo "2592"]
[TimeControl "180+1"]
[EndTime "10:04:16 PDT"]
[Termination "Jungle_Jaguar won by resignation"]

1. d4 Nf6 2. Nf3 c6 3. Bf4 d5 4. Nbd2 g6 5. e3 Bg7 6. Be2 O-O 7. Ne5 Be6 8. h4 Nbd7 9. h5 Nxe5 10. Bxe5 c5 11.
c3 c4 12. hxg6 hxg6 13. f3 b5 14. g4 Qb6 15. Kf2 Nd7 16. Bxg7 Kxg7 17. Qg1 Rh8 18. Qg3 b4 19. f4 bxc3 20. bxc3 Qb2 21. f5 Qxd2 22.
fxe6 fxe6 23. Qc7 Raf8+ 0-1

[Event "*** SCC Grand Prix: Titled Tuesday Blitz"]
[Site "Chess.com"]
[Date "2020.07.21"]
[Round "1"]
[White "MestreSoares"]
[Black "iaraldinho"]
[Result "0-1"]
[WhiteElo "2071"]
[BlackElo "2508"]
[TimeControl "180+1"]
[EndTime "10:04:18 PDT"]
[Termination "iaraldinho won by resignation"]

1. Nf3 f5 2. b3 Nf6 3. e3 d6 4. d4 g6 5. Bb2 Bg7 6. Be2 O-O 7.
O-O e5 8. dxe5 Ng4 9. c4 Nc6 10. Nc3 Ngxe5 11. Nxe5 dxe5 12. Qc2 Nb4 13. Qb1 c6 14. a3 Na6 15. Qc2 Qe7 16. b4 Be6 17. c5 Nc7 18. Rad1 Rad8 19. Rxd8 Rxd8 20. Rd1 Nd5 21. Nxd5 Bxd5 22. Bc4 Kf8 23. Bxd5 cxd5 24. a4 d4 25. exd4 exd4 26. Qc4 Qf7 27. Qxf7+ Kxf7 28. Kf1 Ke6 29. Ke2 d3+ 30. Rxd3 Rxd3 31. Bxg7 Rb3 0-1

[Event "*** SCC Grand Prix: Titled Tuesday Blitz"]
[Site "Chess.com"]
[Date "2020.07.21"]
[Round "1"]
[White "arminmusovic"]
[Black "PauloCesarCosta_sad"]
[Result "1/2-1/2"]
[WhiteElo "2558"]
[BlackElo "2188"]
[TimeControl "180+1"]
[EndTime "10:04:23 PDT"]
[Termination "Game drawn by agreement"]

1. a3 d5 2. Nc3 Nf6 3. d3 Bf5 4. Bg5 Nbd7 5. f3 h6 6. Bh4 Bg6 7.
e4 e6 8. d4 Be7 9. e5 Nh7 10.
Bxe7 Qxe7 11. f4 O-O 12. Bd3 Bxd3 13. cxd3 f6 14. Nf3 c5 15. dxc5 Qxc5 16. d4 Qb6 17. Qe2 fxe5 18. fxe5 Rf5 19. O-O Raf8 20. Kh1 Ng5 21.
Nxg5 Rxg5 22. Rxf8+ Nxf8 1/2-1/2

[Event "*** SCC Grand Prix: Titled Tuesday Blitz"]
[Site "Chess.com"]
[Date "2020.07.21"]
[Round "1"]
[White "Jojo_1608"]
[Black "MomchilPetkov"]
[Result "0-1"]
[WhiteElo "2236"]
[BlackElo "2589"]
[TimeControl "180+1"]
[EndTime "10:04:26 PDT"]
[Termination "MomchilPetkov won by resignation"]

1. d4 Nf6 2. c4 e6 3. Nc3 Bb4 4. e3 c5 5. Ne2 cxd4 6. exd4 O-O 7. a3 Be7 8. Ng3 d5 9. c5 a5 10. Rb1 Nc6 11. Be2 e5 12. dxe5 Nxe5 13. b4 axb4 14. axb4 d4 15. Nb5 d3 16. Bf3 Nxf3+ 17. gxf3 Bh3 18. Be3 Ra2 19. Nd4 d2+ 20. Ke2 Nd5 21.
Bxd2 Nc3+ 0-1

[Event "*** SCC Grand Prix: Titled Tuesday Blitz"]
[Site "Chess.com"]
[Date "2020.07.21"]
[Round "1"]
[White "Stormeman100100"]
[Black "luizwas"]
[Result "1-0"]
[WhiteElo "2468"]
[BlackElo "1766"]
[TimeControl "180+1"]
[EndTime "10:04:27 PDT"]
[Termination "Stormeman100100 won by resignation"]

1. e4 c5 2. a3 e6 3. b4 cxb4 4. axb4 Bxb4 5. Nf3 Be7 6. d4 d6 7. Bd3 Nd7 8. O-O Ngf6 9. Re1 O-O 10. Bb2 b6 11. e5 dxe5 12. dxe5 Nd5 13. c4 Nc7 14.
Be4 Rb8 15. Rxa7 h6 16. Bc2 b5 17. Qd3 g6 18. Bc1 bxc4 19. Qxc4 Nb5 20. Ra2 Kg7 21. Qf4 Bg5 22. Nxg5 hxg5 23. Qxg5 Qxg5 24. Bxg5 Nd4 25.
Ba4 Nxe5 26. Bf4 Rxb1 27. Bxe5+ f6 28. Rxb1 fxe5 29. Rb8 Rd8 30. h3 Nf5 31. Rc2 e4 1-0

[Event "*** SCC Grand Prix: Titled Tuesday Blitz"]
[Site "Chess.com"]
[Date "2020.07.21"]
[Round "1"]
[White "wannabe2700"]
[Black "TotsukaBlade"]
[Result "1-0"]
[WhiteElo "2680"]
[BlackElo "2333"]
[TimeControl "180+1"]
[EndTime "10:04:28 PDT"]
[Termination "wannabe2700 won by resignation"]

1. d4 d5 2. c4 dxc4 3. e4 Nf6 4. e5 Nd5 5. Bxc4 Nb6 6. Bd3 Nc6 7. Be3 e6 8. Nc3 Be7 9. a3 O-O 10. Nf3 Nd5 11.
O-O Nxe3 12. fxe3 Bg5 13. Nxg5 Qxg5 14. Rf3 b6 15. Rg3 Qe7 16. Qh5 g6 17. Ne4 Kh8 18. Qh6 f5 19. exf6 Qf7 20. Ng5 Qg8 21. Rh3 Rxf6 22.
Nxh7 1-0

[Event "*** SCC Grand Prix: Titled Tuesday Blitz"]
[Site "Chess.com"]
[Date "2020.07.21"]
[Round "1"]
[White "chessbia"]
[Black "Borsuk_Konstantin"]
[Result "0-1"]
[WhiteElo "2185"]
[BlackElo "2566"]
[TimeControl "180+1"]
[EndTime "10:04:28 PDT"]
[Termination "Borsuk_Konstantin won by checkmate"]

1. d4 Nf6 2. c4 e6 3. Nf3 b6 4. g3 Bb7 5. Bg2 Be7 6. O-O O-O 7. Nc3 Ne4 8. Qc2 Nxc3 9. Qxc3 a5 10. Rd1 d6 11. Ne1 Bxg2 12. Nxg2 Nd7 13. e4 Qc8 14. a4 Qb7 15. Qe3 Rfe8 16. b3 c6 17. Bb2 d5 18. cxd5 cxd5 19. e5 b5 20. axb5 Qxb5 21. Ba3 Bb4 22. Nf4 g6 23. h4 Reb8 24. Rd3 Rc8 25. Kg2 Rc2 26. h5 Nf8 27. hxg6 fxg6 28. Bxb4 Qxb4 29. Ra4 Qb6 30. b4 Rb2 31.
Rxa5 Rxa5 32. bxa5 Qxa5 33. Qf3 Rb1 34. Nh3 Qe1 35.
Ng5 Qh1# 0-1

[Event "*** SCC Grand Prix: Titled Tuesday Blitz"]
[Site "Chess.com"]
[Date "2020.07.21"]
[Round "1"]
[White "mamey78"]
[Black "WonderChampion"]
[Result "1-0"]
[WhiteElo "2485"]
[BlackElo "1991"]
[TimeControl "180+1"]
[EndTime "10:04:29 PDT"]
[Termination "mamey78 won by resignation"]

1. e4 c5 2. Nf3 g6 3. c3 Nf6 4. e5 Nd5 5. d4 cxd4 6. cxd4 Bg7 7.
Bc4 Nb6 8. Bb3 Nc6 9. O-O O-O 10. Re1 d6 11. exd6 Qxd6 12. Be3 Bg4 13. Nc3 Rfd8 14. Bxf7+ Kxf7 15. Ng5+ Kg8 16. Qxg4 Nxd4 17. Rad1 Qf6 18. Rxd4 Rxd4 19. Bxd4 Qxd4 20. Qe6+ Kh8 21. Nf7+ Kg8 22. Nh6+ Kh8 23. Qg8+ 1-0

[Event "*** SCC Grand Prix: Titled Tuesday Blitz"]
[Site "Chess.com"]
[Date "2020.07.21"]
[Round "1"]
[White "rynos0411"]
[Black "Zhuu96"]
[Result "0-1"]
[WhiteElo "2401"]
[BlackElo "2793"]
[TimeControl "180+1"]
[EndTime "10:04:35 PDT"]
[Termination "Zhuu96 won by resignation"]

1. d4 Nf6 2. c4 e6 3. Nf3 Bb4+ 4. Bd2 c5 5. e3 O-O 6. Bd3 b6 7. O-O Bxd2 8. Nbxd2 Bb7 9. Re1 d6 10. Rc1 Nbd7 11. a3 a6 12. b4 Qc7 13. dxc5 bxc5 14.
Qe2 cxb4 15. axb4 a5 16. bxa5 Rxa5 17. Nd4 Ne5 18. N2b3 Ra3 19. Nb5 Qc6 20. f4 Rxb3 21.
fxe5 dxe5 22. Rc2 Rd8 23. Rd1 g6 24. Rcd2 Qc5 25. Bc2 Rxd2 26. Rxd2 Rxe3 0-1

[Event "*** SCC Grand Prix: Titled Tuesday Blitz"]
[Site "Chess.com"]
[Date "2020.07.21"]
[Round "1"]
[White "GukeshDommaraju"]
[Black "1f3_2g41-0"]
[Result "1-0"]
[WhiteElo "2721"]
[BlackElo "2365"]
[TimeControl "180+1"]
[EndTime "10:04:38 PDT"]
[Termination "GukeshDommaraju won by resignation"]

1. d4 Nf6 2. c4 g6 3. Nc3 d5 4.
cxd5 Nxd5 5. e4 Nxc3 6. bxc3 Bg7 7. Nf3 c5 8. Be3 O-O 9. Qd2 Qa5 10. Rc1 Bg4 11. d5 Bxf3 12. gxf3 Nd7 13. c4 Qxd2+ 14. Kxd2 b6 15. f4 e5 16. fxe5 Nxe5 17. Be2 Rad8 18. f4 Nc6 19. Bd3 Nd4 20. h4 Rfe8 21. h5 Rb8 22.
hxg6 hxg6 23. e5 Red8 24. Be4 b5 25. Bxd4 cxd4 26. c5 g5 27. c6 Rbc8 28. c7 Rd7 29. d6 gxf4 30. Bf5 Rcxc7 31. dxc7 1-0